 Dungeon Crawl Stone Soup version 0.22-a0-448-g1fb7470 (webtiles) character file.

114 pk666 the Magician (level 4, -3/24 HPs)
             Began as a Deep Elf Fire Elementalist on June 4, 2018.
             Slain by a scorpion (4 damage)
             ... on level 4 of the Dungeon.
             The game lasted 00:04:41 (2670 turns).

pk666 the Magician (Deep Elf Fire Elementalist)     Turns: 2670, Time: 00:04:42

Health: -3/24      AC:  2    Str:  5    XL:     4   Next: 66%
Magic:  7/12       EV: 13    Int: 25    God:
Gold:   97         SH:  0    Dex: 15    Spells: 4/11 levels left

rFire    . . .     SeeInvis .   (no weapon)
rCold    . . .     Gourm    .   (no shield)
rNeg     . . .     Faith    .   a - +0 robe
rPois    .         Spirit   .   (no helmet)
rElec    .         Reflect  .   (no cloak)
rCorr    .         Harm     .   (no gloves)
MR       .....                  (no boots)
Stlth    ++........             (no amulet)
HPRegen  0.08/turn              k - +4 ring of intelligence
MPRegen  0.13/turn              (no ring)

@: lethally poisoned (-3 -> -20)
A: no striking features
a: no special abilities


You were on level 4 of the Dungeon.
You were not hungry.

You visited 1 branch of the dungeon, and saw 4 of its levels.

You collected 97 gold pieces.

Inventory:

Armour
 a - a +0 robe (worn)
Jewellery
 k - a +4 ring of intelligence (left hand)
Scrolls
 b - a scroll of identify {unknown}
 e - a scroll of remove curse {unknown}
 g - a scroll of enchant weapon {unknown}
 l - a scroll of teleportation {unknown}
 m - a scroll of immolation {unknown}
Potions
 d - a potion of haste {unknown}
 f - 2 potions of flight {unknown}
 h - a potion of ambrosia {unknown}
 i - a potion of brilliance {unknown}
 j - 2 potions of heal wounds {unknown}
Comestibles
 c - 5 rations


   Skills:
 + Level 3.1 Dodging
 - Level 2.4 Stealth
 * Level 4.3 Spellcasting
 * Level 2.9 Conjurations
 * Level 4.2 Fire Magic


You had 4 spell levels left.
You knew the following spells:

 Your Spells              Type           Power        Failure   Level  Hunger
a - Flame Tongue          Conj/Fire      ###..        1%          1    None
b - Inner Flame           Hex/Fire       ###.....     11%         3    ##.....
c - Conjure Flame         Conj/Fire      ###.....     6%          3    ##.....

Your spell library contained the following spells:

 Spells                   Type           Power        Failure   Level  Hunger
 Fireball                 Conj/Fire      ###.......   50%         5    #####..
 Throw Flame              Conj/Fire      ###...       3%          2    None
 Sticky Flame             Conj/Fire      ###.....     21%         4    ####...


Dungeon Overview and Level Annotations

Branches:
Dungeon (3/15)

Altars:


Message History

The scorpion poisons you!
Casting: Flame Tongue (safe; 1% risk of failure)
Confirm with . or Enter, or press ? or * to list all spells.
Aiming: Flame Tongue (safe; 1% risk of failure)
Press: ? - help, Shift-Dir - straight line, f/p - scorpion
Aim: a scorpion (moderately wounded)
The flame tongue hits the scorpion.
The scorpion is heavily wounded.
* * * LOW HITPOINT WARNING * * *
You feel sick. The scorpion closely misses you.
Casting: Flame Tongue (safe; 1% risk of failure)
Confirm with . or Enter, or press ? or * to list all spells.
Aiming: Flame Tongue (safe; 1% risk of failure)
Press: ? - help, Shift-Dir - straight line, f/p - scorpion
Aim: a scorpion (heavily wounded)
The flame tongue hits the scorpion.
The scorpion is severely wounded.
* * * LOW HITPOINT WARNING * * *
You feel sick. The scorpion stings you.
You die...

........# ...
........# .....
s.......# #.....
........# ......
........##......
................
................
#......@........
#......s....###
#...........#
.......#....#########
.......#............#
.......#............#
.......##...........#
.......##...........#
...................#


You could see a scorpion and a giant cockroach (sleeping).

Vanquished Creatures
  Terence (D:3)
  4 adders
  A worm (D:2)
  2 dart slugs (D:1)
  A leopard gecko (D:1)
  An orc (D:3)
  6 bats
  2 giant cockroaches
  4 goblins
  5 hobgoblins
  A quokka (D:2)
  6 frilled lizards
  6 kobolds
  5 rats
45 creatures vanquished.

Notes
Turn   | Place    | Note
-------+----------+-------------------------------------------
     0 | D:1      | pk666 the Deep Elf Fire Elementalist began the quest for the Orb.
     0 | D:1      | Reached XP level 1. HP: 10/10 MP: 6/6
   199 | D:1      | Reached XP level 2. HP: 13/15 MP: 2/8
  1142 | D:2      | Reached XP level 3. HP: 19/19 MP: 6/10
  1150 | D:2      | Learned a level 3 spell: Inner Flame
  2177 | D:2      | Reached XP level 4. HP: 24/24 MP: 8/12
  2206 | D:2      | Learned a level 3 spell: Conjure Flame
  2412 | D:3      | Noticed Terence
  2445 | D:3      | Killed Terence
  2607 | D:3      | You fall through a shaft!
  2670 | D:4      | HP: 1/24 [poisoned by a scorpion]
  2670 | D:4      | Slain by a scorpion

Vault maps used:
D:1:      matt_arrival_grand_opening, kennysheep_pointless_box
D:2:      first_ration
D:3:      uniq_terence

Skill      XL: |  1  2  3  4 |
---------------+-------------+-----
Conjurations   | 2 |  2.9
Spellcasting   | 4 |  4.3
Fire Magic     | 4 |  4.2
Dodging        | 3 |  3.1
Stealth        | |  2.4

Action                   |  1- 3 |  4- 6 || total
-------------------------+-------+-------++-------
Melee: Unarmed           |     7 |     2 ||     9
 Cast: Flame Tongue      |    75 |    19 ||    94
       Conjure Flame     |       |     1 ||     1
  Eat: Chunk             |     4 |     1 ||     5
Armor: Robe              |     7 |     1 ||     8
Dodge: Dodged            |    29 |    12 ||    41

Table legend:
 A = Spawn XP
 B = Non-spawn XP
 C = Spawn XP percentage of total XP
 D = Spawn monster count
 E = Non-spawn monster count
 F = Spawn count percentage of total count
 G = Total turns spent on level
                    A         B        C        D         E        F      G
               +---------+---------+-------+---------+---------+-------+---------
         Total |       0 |     163 |   0.0 |       0 |      45 |   0.0 |  2670
               +---------+---------+-------+---------+---------+-------+---------
           D:1 |       0 |      35 |   0.0 |       0 |      20 |   0.0 |  1111
           D:2 |       0 |      73 |   0.0 |       0 |      20 |   0.0 |  1292
           D:3 |       0 |      55 |   0.0 |       0 |       5 |   0.0 |   204
               +---------+---------+-------+---------+---------+-------+---------
